 Dungeon Crawl Stone Soup version 0.23.2-33-g5129a83184 (webtiles) character file.

Game seed: 13114593356321308394

3867 AarnesTheHuman the Protected (level 10, -7/127 (129) HPs)
             Began as a Barachi Fighter on Aug 6, 2019.
             Was a Follower of Ashenzari.
             Mangled by a two-headed ogre
             ... wielding a +0 giant club
              (15 damage)
             ... on level 8 of the Dungeon on Aug 7, 2019.
             The game lasted 00:21:29 (8418 turns).

AarnesTheHuman the Protected (Barachi Fighter)      Turns: 8418, Time: 00:21:29

HP:   -7/127 (129)  AC: 25    Str: 21    XL:     10   Next: 19%
MP:   10/10         EV:  2    Int:  8    God:    Ashenzari [*.....]
Gold: 316           SH: 12    Dex: 12    Spells: 9/9 levels left

rFire    + . .     SeeInvis .   h - +1 whip (venom)
rCold    . . .     Gourm    .   c - +0 shield (curse)
rNeg     + + +     Faith    .   (armour currently unavailable)
rPois    +         Spirit   .   (helmet currently unavailable)
rElec    .         Reflect  .   (cloak currently unavailable)
rCorr    .         Harm     .   (gloves currently unavailable)
MR       .....     NoTele   +   (boots currently unavailable)
Stlth    ++........             (no amulet)
HPRegen  0.31/turn              i - ring of stealth
MPRegen  0.12/turn              y - ring of protection from fire

@: tree-form
A: +LOS, swims
a: Curse Item, Scrying, Renounce Religion


You were on level 8 of the Dungeon.
You worshipped Ashenzari.
Ashenzari was aware of your devotion.
You were not hungry.
You were a tree.
You visited 2 branches of the dungeon, and saw 9 of its levels.
You also visited: Sewer.

You collected 316 gold pieces.

Inventory:

Hand Weapons
 a - a +0 long sword
 h - a +1 whip of venom (weapon)
Armour
 b - a +0 scale mail (melded)
 c - a cursed +0 shield (worn)
 g - a cursed +0 pair of boots (melded)
 j - a cursed -1 pair of gloves (melded)
Jewellery
 i - a ring of stealth (left branch)
 k - a cursed amulet of magic regeneration
 y - a ring of protection from fire (right branch)
Wands
 x - a wand of scattershot (8)
Scrolls
 e - 6 scrolls of remove curse
 m - 3 scrolls of teleportation
 o - a scroll of fog
 p - a scroll of amnesia
 v - a scroll of fear
 B - a scroll of enchant weapon
 C - a scroll of magic mapping
Potions
 d - a potion of lignification
 l - 3 potions of flight
 n - a potion of agility
 q - 3 potions of heal wounds
 r - a potion of mutation
 s - a potion of might
 t - 5 potions of curing
 u - a potion of haste
 w - a potion of brilliance {unknown}
 z - a potion of berserk rage {unknown}
Comestibles
 f - 18 rations
 A - 8 chunks of flesh


   Skills:
 + Level 10.3 Fighting
 - Level 4.0 Long Blades
 + Level 10.3 Armour
 + Level 9.6 Shields


You had 9 spell levels left.
You didn't know any spells.
Your spell library contained the following spells:

 Spells                   Type           Power        Failure   Level  Hunger
 Confusing Touch          Hex            #.....       65%         1    ##.....
 Confuse                  Hex            #.......     95%         3    ####...
 Gell's Gravitas          Tloc           #.........   95%         3    ####...
 Petrify                  Tmut/Erth      #.......     100%        4    #####..
 Metabolic Englaciation   Hex/Ice        #.........   100%        5    ######.
 Yara's Violent Unravell  Hex/Tmut       #.........   100%        5    ######.


Dungeon Overview and Level Annotations

Branches:
Dungeon (8/15)             Temple (1/1) D:4
   Lair: D:8-11

Altars:
Ashenzari
Cheibriados
Dithmenos
Elyvilon
Fedhas
Gozag
Hepliaklqana
Kikubaaqudgha
Makhleb
Nemelex Xobeh
Okawaru
Ru
Sif Muna
Uskayaw
Vehumet
Wu Jian
Xom
Yredelemnul
Zin

Shops:
D:6 *

Annotations:
D:2 1 runed translucent door, Crazy Yiuf
D:6 Grinder
D:8 Erica


Innate Abilities, Weirdness & Mutations

Shadows flee at your approach. (+LOS)
You can swim through water.
((You cover ground slowly.))
((You can hop short distances.))


Message History

The two-headed ogre looks as sick as possible!
The two-headed ogre is moderately wounded.
You block the two-headed ogre's attack.
The two-headed ogre hits you with a +0 giant club!
You whack the two-headed ogre!
The two-headed ogre looks as sick as possible!
The two-headed ogre is heavily wounded.
The two-headed ogre hits you with a +0 giant club!
* * * LOW HITPOINT WARNING * * *
The two-headed ogre hits you with a +0 giant club!
* * * LOW HITPOINT WARNING * * *
Really quaff the potion of lignification?
You turn into a tree.
Your cursed -1 pair of gloves melds into your body.
Your cursed +0 pair of boots melds into your body.
Your +0 scale mail melds into your body.
Your roots penetrate the ground.
The two-headed ogre hits you but does no damage.
The two-headed ogre hits you with a +0 giant club!
You die...

........... ..........
........ ....... .....
.... #Z. #O# #♣#
########.##########
#..........#......#
...........#..[...#
...........#......#
...........#......####
...........#.........
..######.###......####
..######.###..........


You could see a two-headed ogre and a centaur skeleton.

Vanquished Creatures
  Pikel (D:5)
  A hippogriff (D:7)
  Sigmund (D:5)
  Eustachio (D:4)
  Menkaure (D:5)
  2 water moccasins
  Duvessa (D:6)
  An orc warrior (D:8)
  4 sky beasts
  A slave (D:4)
  A necrophage (D:6)
  4 ogres
  3 phantoms
  4 centaurs
  3 big kobolds
  2 bullfrogs (D:6)
  Dowan (D:6)
  2 scorpions
  A howler monkey (D:8)
  2 crimson imps (D:5)
  An orc priest (D:8)
  A hound (D:4)
  2 centaur skeletons
  3 worker ants
  A hound zombie (D:6)
  A howler monkey skeleton (D:5)
  9 adders
  3 shadow imps
  4 oozes
  3 dart slugs
  3 worms
  6 leopard geckos
  4 orcs
  12 ball pythons
  4 bats
  5 giant cockroaches
  5 goblins
  3 hobgoblins
  16 jackals
  5 quokkas
  2 frilled lizards
  A giant cockroach zombie (D:4)
  A jackal skeleton (D:5)
  18 kobolds
  13 rats
163 creatures vanquished.

Vanquished Creatures (others)
  A giant cockroach (D:3)
1 creature vanquished.

Grand Total: 164 creatures vanquished

Notes
Turn   | Place    | Note
-------+----------+-------------------------------------------
     0 | D:1      | AarnesTheHuman the Barachi Fighter began the quest for the
                  | Orb.
     0 | D:1      | Reached XP level 1. HP: 18/18 MP: 1/1
    56 | D:1      | Reached XP level 2. HP: 19/25 MP: 2/2
   192 | D:1      | Reached XP level 3. HP: 20/30 MP: 3/3
   607 | D:2      | Noticed an ogre
   619 | D:2      | Killed an ogre
   619 | D:2      | Reached XP level 4. HP: 26/38 MP: 4/4
   619 | D:2      | Reached XP level 5. HP: 30/43 MP: 5/5
   983 | D:2      | Found a hide-covered altar of Uskayaw.
  1333 | D:2      | Found a runed translucent door.
  1334 | D:2      | Noticed Crazy Yiuf
  1429 | D:3      | Found a faded altar of an unknown god.
  2336 | D:4      | Reached skill level 5 in Fighting
  2336 | D:4      | Reached skill level 5 in Armour
  2336 | D:4      | Reached XP level 6. HP: 46/51 MP: 6/6
  2346 | D:4      | Found a staircase to the Ecumenical Temple.
  2375 | Temple   | Entered the Ecumenical Temple
  2658 | D:4      | Noticed Eustachio
  2670 | D:4      | Killed Eustachio
  2670 | D:4      | Reached skill level 5 in Shields
  3051 | D:5      | Entered Level 5 of the Dungeon
  3051 | D:5      | Noticed Sigmund
  3068 | D:5      | Killed Sigmund
  3068 | D:5      | Reached XP level 7. HP: 29/58 MP: 7/7
  3093 | D:5      | Noticed Menkaure
  3322 | D:5      | Killed Menkaure
  3552 | D:5      | Found a glowing drain.
  3564 | Sewer    | Entered a sewer
  3573 | Sewer    | Reached XP level 8. HP: 38/65 MP: 8/8
  4206 | D:5      | Noticed Pikel
  4301 | D:5      | Killed Pikel
  4301 | D:5      | Reached XP level 9. HP: 44/74 MP: 9/9
  5015 | D:5      | Found a shattered altar of Ashenzari.
  5025 | D:5      | Became a worshipper of Ashenzari the Shackled
  5151 | D:6      | Found Amerol's General Store.
  5807 | D:6      | Noticed Dowan
  5831 | D:6      | Killed Dowan
  5875 | D:6      | Noticed Duvessa
  5891 | D:6      | Killed Duvessa
  6497 | D:6      | Noticed Grinder
  6772 | D:7      | Found a white marble altar of Elyvilon.
  6775 | D:7      | Reached * piety under Ashenzari
  7723 | D:7      | Reached skill level 10 in Fighting
  7723 | D:7      | Reached skill level 10 in Armour
  7723 | D:7      | Reached XP level 10. HP: 36/84 MP: 10/10
  8223 | D:8      | Noticed a two-headed ogre
  8229 | D:8      | Noticed Erica
  8418 | D:8      | Mangled by a two-headed ogre

Skill      XL: |  1  2  3  4  5  6  7  8  9 |
---------------+----------------------------+-----
Fighting       | 4 5 6 8 10 | 10.3
Armour         | 4 5 6 8 10 | 10.3
Long Blades    | 3 4 |  4.0
Shields        | 4 5 6 7 9 |  9.6

Action                   |  1- 3 |  4- 6 |  7- 9 | 10-12 || total
-------------------------+-------+-------+-------+-------++-------
Melee: Long sword        |   103 |   101 |       |       ||   204
       Whip              |       |    48 |   546 |    86 ||   680
Invok: Curse Item        |       |       |     2 |       ||     2
  Use: Scroll            |       |     8 |     9 |       ||    17
       Potion            |       |     2 |     2 |     1 ||     5
  Eat: Chunk             |       |     8 |    14 |     3 ||    25
       Ration            |       |       |     1 |       ||     1
Armor: Scale mail        |    45 |    86 |   213 |    50 ||   394
       Skin              |       |       |       |     1 ||     1
Dodge: Dodged            |    28 |    44 |   177 |    33 ||   282
Block: Shield            |    61 |    95 |   322 |    63 ||   541
       Rpst.: Long sword |     9 |     9 |       |       ||    18
